 Dungeon Sprint DCSS version 0.30-a0-469-g84de5afbc5 (webtiles) character file.

Game seed: 5595991651831248574

7900000 NinjaNoafa the Intangible (level 27, -194/342 HPs)
             Began as a Djinni Gladiator on Dec 19, 2022.
             Was the Champion of Makhleb.
             Annihilated by a destroyer
             ... wielding a +9 vorpal great sword
              (202 damage)
             ... in the Dungeon (Sprint VIII: "Arena of Blood").
             The game lasted 00:02:06 (79 turns).

NinjaNoafa the Intangible (Djinni Gladiator)          Turns: 79, Time: 00:02:07

Health: -194/342   AC:  8    Str: 13    XL:     27
Gold:   0          EV: 37    Int: 14    God:    Makhleb [******] SH:  0 Dex: 25

rFire   + + .      SeeInvis .    k - +∞ Axe of Woe
rCold   x . .      Faith    .    (shield currently unavailable)
rNeg    . . .      Spirit   .    b - +0 leather armour
rPois   ∞          Reflect  .    c - +0 helmet
rElec   .          Harm     .    (no cloak)
rCorr   .          Rampage  .    (no gloves)
Will    ++...      NoTele   +    (boots unavailable)
Stlth   ..........               (no amulet)
HPRegen 0.77/turn                l - +30 ring of slaying
MPRegen 0.00/turn                n - +100 ring of slaying

@: berserking, silenced, flying, slowed
A: sickness immunity, fire resistance 2, cold vulnerability 1, float, innate
caster, HP casting, extra vitality 1
a: Renounce Religion


You were in the Dungeon.
You worshipped Makhleb.
Makhleb was exalted by your worship.
You visited 1 branch

Inventory:

Hand Weapons
 a - a +0 war axe
 k - the +∞ Axe of Woe (weapon)
   (You found it in the Dungeon)
 m - a +9 giant spiked club
Missiles
 d - 3 throwing nets (quivered)
 e - a javelin
Armour
 b - a +0 leather armour (worn)
 c - a +0 helmet (worn)
Jewellery
 l - a +30 ring of slaying (left hand)
 n - a +100 ring of slaying (right hand)
Scrolls
 j - a scroll of blinking
Potions
 f - a potion of curing
 g - a potion of heal wounds
 h - a potion of haste


   Skills:
 O Level 27 Fighting
 + Level 25.9(27) Short Blades
 + Level 25.9(27) Long Blades
 O Level 27 Axes
 + Level 24.0(27) Maces & Flails
 + Level 24.0(27) Polearms
 + Level 25.9(27) Staves
 + Level 24.0 Ranged Weapons
 O Level 27 Throwing
 O Level 27 Armour
 O Level 27 Dodging
 + Level 25.9 Stealth
 O Level 27 Shields
 O Level 27 Unarmed Combat
 O Level 27 Spellcasting
 O Level 27 Invocations
 O Level 27 Evocations


You had 10 spell levels left.
You knew the following spells:

 Your Spells              Type           Power      Damage    Failure   Level
a - Apportation           Tloc           100%       N/A       0%          1
b - Scorch                Fire           100%       2d10      0%          2
c - Lesser Beckoning      Tloc           100%       N/A       0%          3
d - Ozocubu's Armour      Ice            76%        N/A       0%          3
e - Silence               Hex/Air        38%        N/A       0%          5
f - Arcjolt               Conj/Air       38%        1d48      0%          5
g - Statue Form           Tmut/Erth      50%        N/A       0%          6
h - Iron Shot             Conj/Erth      38%        9d8       0%          6
i - Summon Cactus Giant   Summ           38%        N/A       0%          6
j - Orb of Destruction    Conj           38%        9d11      1%          7
k - Summon Horrible Thin  Summ           38%        N/A       1%          8
l - Fire Storm            Conj/Fire      38%        8d10      3%          9
m - Death's Door          Necr           38%        N/A       3%          9
Your spell library was empty.

Dungeon Overview and Level Annotations

Branches:
Dungeon (1/1)

Altars:
Makhleb


Innate Abilities, Weirdness & Mutations

You are immune to sickness and miasma.
You are immune to poison.
Your flesh is very heat resistant. (rF++)
You are vulnerable to cold. (rC-)
You float through the air rather than walking.
You learn spells naturally, not from books.
Your magical power is your life essence.
You have superior vitality. (+4 MHP)


Message History

An accursed comes into view.
You open the bag of meat like a pillowcase!!!
You dissect the bag of meat like a pig carcass.
You kill the bag of meat!
Makhleb accepts your kill.
You feel better.
You slice the meat berserker!!
You fatally mangle the meat berserker.
You kill the meat berserker!
Makhleb accepts your kill.
You feel better.
The meat beast appears out of thin air!
A meat beast comes into view.
The accursed gestures at you while chanting.
Something smites you!
A bolt of negative energy appears from out of thin air!
The bolt of negative energy misses you.
A bag of meat comes into view. It is wielding a +9 war axe.
Your base Maces & Flails skill increases to level 24!
Your base Polearms skill increases to level 24!
Your Ranged Weapons skill increases to level 24!
Unknown command.
A red film seems to cover your vision as you go berserk!
You feel yourself moving faster!
You feel mighty!
The destroyer points at you and mumbles some strange words.
The destroyer blinks!
The accursed casts a spell at you. Something smites you!
The accursed casts a spell at you. Something smites you!
A bolt of negative energy appears from out of thin air!
The bolt of negative energy misses you.
The bag of meat hits you with a +9 war axe!!
The accursed gestures at you while chanting.
Something smites you!
The sculptor of flesh hits you with a +9 great sword!!!!!
Ouch! That really hurt!
* * * LOW HITPOINT WARNING * * *
The destroyer is engulfed in blazing flames.
The destroyer hits you with a +9 vorpal great sword!!!!!
Ouch! That really hurt!
You die...

......###........
.X..._.........
#.....#...... .
#_.<._#......
...O#.))).#..2...
......)☼)).W.....
......###))M.....
.###....V))###...
#....)@.#
#....☼oz#
.........oo
..{.........M
............#o.
..........##VO.
#........#.


oo. .........#.. ## You could see 2 accurseds, a meat beast (fast), 2
destroyers, a sculptor of flesh, a large bag of meat (inner flame), a dread and
6 bags of meat.

Vanquished Creatures
  A hell beast (D)
  2 royal mummies (D)
  6 vampire knights (D)
  24 ogres (D)
  7 two-headed ogres (D)
  4 liches (D)
  31 orcs (D)
  A skeletal warrior (D)
76 creatures vanquished.

Notes
Turn   | Place    | Note
-------+----------+-------------------------------------------
     0 | D        | Found the +∞ Axe of Woe
     0 | D        | NinjaNoafa the Djinni Gladiator began the quest for the
                  | Orb.
     0 | D        | Reached XP level 1. HP: 18/18 MP: 0/0
     0 | D        | Noticed a bag of meat
     2 | D        | Noticed a bag of meat
     2 | D        | Noticed a bag of meat
     3 | D        | Killed a bag of meat
     3 | D        | Noticed a bag of meat
     3 | D        | Noticed a bag of meat
     3 | D        | Noticed a bag of meat
     3 | D        | Noticed a bag of meat
     4 | D        | Reached XP level 2. HP: 40/40 MP: 0/0
     4 | D        | Reached XP level 3. HP: 45/45 MP: 0/0
     4 | D        | Learned a level 1 spell: Apportation
     4 | D        | Reached XP level 4. HP: 51/51 MP: 0/0
     4 | D        | Reached XP level 5. HP: 57/57 MP: 0/0
     4 | D        | Learned a level 2 spell: Scorch
     4 | D        | Reached XP level 6. HP: 63/63 MP: 0/0
     4 | D        | Reached XP level 7. HP: 68/68 MP: 0/0
     4 | D        | Learned a level 3 spell: Lesser Beckoning
     4 | D        | Reached XP level 8. HP: 75/75 MP: 0/0
     4 | D        | Reached XP level 9. HP: 80/80 MP: 0/0
     4 | D        | Learned a level 3 spell: Ozocubu's Armour
     4 | D        | Reached XP level 10. HP: 86/86 MP: 0/0
     4 | D        | Reached XP level 11. HP: 92/92 MP: 0/0
     4 | D        | Learned a level 5 spell: Silence
     4 | D        | Noticed a meat berserker
     4 | D        | Noticed a bag of meat
     6 | D        | Became a worshipper of Makhleb the Destroyer
     7 | D        | Killed a bag of meat
     7 | D        | Noticed a meat berserker
     8 | D        | Reached skill level 5 in Spellcasting
     8 | D        | Reached XP level 12. HP: 101/101 MP: 0/0
     8 | D        | Killed a bag of meat
     8 | D        | Reached * piety under Makhleb
     8 | D        | Noticed a meat berserker
     8 | D        | Noticed a meat berserker
     8 | D        | Noticed a bag of meat
     9 | D        | Reached XP level 13. HP: 109/109 MP: 0/0
     9 | D        | Learned a level 5 spell: Arcjolt
     9 | D        | Killed a meat berserker
    10 | D        | Reached skill level 15 in Axes
    10 | D        | Reached XP level 14. HP: 79/120 MP: 0/0
    10 | D        | Killed a bag of meat
    10 | D        | Killed a bag of meat
    10 | D        | Reached ** piety under Makhleb
    10 | D        | Killed a bag of meat
    10 | D        | Killed a bag of meat
    11 | D        | Reached skill level 15 in Invocations
    11 | D        | Reached XP level 15. HP: 105/130 MP: 0/0
    11 | D        | Learned a level 6 spell: Statue Form
    12 | D        | Killed a meat berserker
    12 | D        | Reached *** piety under Makhleb
    12 | D        | Noticed a meat berserker
    13 | D        | Killed a meat berserker
    13 | D        | Killed a meat berserker
    13 | D        | Noticed a meat berserker
    14 | D        | Reached skill level 15 in Spellcasting
    14 | D        | Reached XP level 16. HP: 41/143 MP: 0/0
    14 | D        | Noticed a meat berserker
    15 | D        | Noticed a meat berserker
    16 | D        | Reached **** piety under Makhleb
    17 | D        | Reached XP level 17. HP: 58/150 MP: 0/0
    17 | D        | Learned a level 6 spell: Iron Shot
    17 | D        | Killed a meat berserker
    18 | D        | Reached skill level 5 in Armour
    18 | D        | Killed a meat berserker
    18 | D        | Killed a meat berserker
    19 | D        | Reached skill level 10 in Armour
    19 | D        | Reached XP level 18. HP: 72/161 MP: 0/0
    19 | D        | Killed a meat berserker
    19 | D        | Reached ***** piety under Makhleb
    20 | D        | Reached skill level 27 in Dodging
    20 | D        | Noticed a destroyer
    21 | D        | Noticed a destroyer
    23 | D        | Killed a destroyer
    24 | D        | Reached XP level 19. HP: 165/172 MP: 0/0
    24 | D        | Learned a level 6 spell: Summon Cactus Giant
    25 | D        | Noticed a large bag of meat
    26 | D        | Reached skill level 15 in Armour
    27 | D        | Killed a destroyer
    27 | D        | Noticed a meat berserker
    27 | D        | Noticed a meat berserker
    28 | D        | Reached skill level 27 in Fighting
    29 | D        | Noticed a destroyer
    31 | D        | Noticed a meat berserker
    32 | D        | Killed a meat berserker
    32 | D        | Killed a meat berserker
    32 | D        | Reached ****** piety under Makhleb
    33 | D        | Reached XP level 20. HP: 181/181 MP: 0/0
    33 | D        | Killed a large bag of meat
    34 | D        | Reached skill level 27 in Invocations
    35 | D        | Killed a destroyer
    36 | D        | Reached skill level 27 in Spellcasting
    37 | D        | Killed a meat berserker
    37 | D        | Noticed a large bag of meat
    38 | D        | Reached skill level 27 in Axes
    38 | D        | Reached XP level 21. HP: 172/187 MP: 0/0
    38 | D        | Learned a level 7 spell: Orb of Destruction
    38 | D        | Noticed a large bag of meat
    40 | D        | Reached skill level 27 in Armour
    41 | D        | Reached skill level 15 in Throwing
    42 | D        | Killed a large bag of meat
    45 | D        | Killed a large bag of meat
    46 | D        | Noticed a large bag of meat
    46 | D        | Noticed a destroyer
    46 | D        | Noticed a large bag of meat
    47 | D        | Noticed a meat berserker
    47 | D        | Noticed a large bag of meat
    49 | D        | Noticed a destroyer
    49 | D        | Noticed a tyrant
    52 | D        | Killed a destroyer
    53 | D        | Reached XP level 22. HP: 175/194 MP: 0/0
    53 | D        | Killed a meat berserker
    54 | D        | Reached skill level 27 in Throwing
    54 | D        | Killed a large bag of meat
    55 | D        | Noticed a tyrant
    55 | D        | Killed a large bag of meat
    55 | D        | Killed a large bag of meat
    56 | D        | Reached skill level 10 in Shields
    56 | D        | Reached skill level 10 in Unarmed Combat
    56 | D        | Reached skill level 10 in Evocations
    56 | D        | Reached XP level 23. HP: 175/201 MP: 0/0
    56 | D        | Learned a level 8 spell: Summon Horrible Things
    57 | D        | Noticed a destroyer
    58 | D        | Noticed a tyrant
    59 | D        | Reached skill level 10 in Short Blades
    59 | D        | Reached skill level 10 in Long Blades
    59 | D        | Reached skill level 10 in Staves
    59 | D        | Reached skill level 10 in Stealth
    59 | D        | Killed a destroyer
    60 | D        | Reached skill level 10 in Maces & Flails
    60 | D        | Reached skill level 10 in Polearms
    60 | D        | Reached skill level 10 in Ranged Weapons
    61 | D        | Killed a tyrant
    61 | D        | Noticed an accursed
    61 | D        | Noticed a large bag of meat
    62 | D        | Killed a destroyer
    62 | D        | Noticed an accursed
    63 | D        | Reached skill level 15 in Shields
    63 | D        | Reached skill level 15 in Unarmed Combat
    63 | D        | Reached skill level 15 in Evocations
    63 | D        | Reached XP level 24. HP: 205/208 MP: 0/0
    63 | D        | Killed a tyrant
    64 | D        | Reached skill level 15 in Short Blades
    64 | D        | Reached skill level 15 in Long Blades
    64 | D        | Reached skill level 15 in Staves
    64 | D        | Reached skill level 15 in Stealth
    66 | D        | Noticed a tyrant
    67 | D        | Noticed a meat beast
    67 | D        | Killed a tyrant
    68 | D        | Reached skill level 15 in Maces & Flails
    68 | D        | Reached skill level 15 in Polearms
    68 | D        | Reached skill level 15 in Ranged Weapons
    68 | D        | Noticed an accursed
    69 | D        | Reached XP level 25. HP: 208/214 MP: 0/0
    69 | D        | Learned a level 9 spell: Fire Storm
    70 | D        | Killed an accursed
    70 | D        | Killed a large bag of meat
    71 | D        | Reached XP level 26. HP: 178/221 MP: 0/0
    71 | D        | Killed a meat beast
    71 | D        | Noticed a dread
    72 | D        | Reached XP level 27. HP: 214/228 MP: 0/0
    72 | D        | Learned a level 9 spell: Death's Door
    73 | D        | Noticed a destroyer
    75 | D        | Killed a tyrant
    75 | D        | Killed an accursed
    77 | D        | Reached skill level 27 in Shields
    77 | D        | Reached skill level 27 in Unarmed Combat
    77 | D        | Reached skill level 27 in Evocations
    77 | D        | Noticed a large bag of meat
    77 | D        | Noticed a destroyer
    77 | D        | Noticed an accursed
    79 | D        | Noticed a meat beast
    79 | D        | HP: 8/342 [sculptor of flesh/+9 great sword (185)]
    79 | D        | Annihilated by a destroyer

Illustrated notes

Levels and vault maps discovered:
D:        meatsprint

Skill      XL: |  1  2  3  4  5  6  7  8  9 10 11 12 13 14 15 16 17 18 19 20 21 22 23 24 25 26 27 |
---------------+----------------------------------------------------------------------------------+-----
Fighting       | 13 14 16 17 20 22 23 24 26 27 | 27.0
Axes           | 11 12 13 15 17 19 21 22 25 27 | 27.0
Throwing       | 11 26 27 | 27.0
Dodging        | 14 16 17 19 21 24 26 27 | 27.0
Spellcasting   | 5 7 9 12 15 18 21 25 27 | 27.0
Invocations    | 6 9 12 15 19 21 23 26 27 | 27.0
Armour         | 10 14 19 26 27 | 27.0
Short Blades   | 9 14 17 20 22 25 | 25.9
Long Blades    | 9 14 17 20 22 25 | 25.9
Maces & Flails | 8 13 16 19 21 24 | 24.0
Polearms       | 8 13 16 19 21 24 | 24.0
Staves         | 9 14 17 20 22 25 | 25.9
Ranged Weapons | 8 13 16 19 21 24 | 24.0
Stealth        | 9 14 17 20 22 25 | 25.9
Shields        | 10 15 19 22 24 27 | 27.0
Unarmed Combat | 10 15 19 22 24 27 | 27.0
Evocations     | 10 15 19 22 24 27 | 27.0

Action                   |  1- 3 |  4- 6 |  7- 9 | 10-12 | 13-15 | 16-18 | 19-21 | 22-24 | 25-27 || total
-------------------------+-------+-------+-------+-------+-------+-------+-------+-------+-------++-------
Melee: Executioner's axe |     1 |       |       |     2 |     4 |     7 |    13 |    12 |    10 ||    49
 Cast: Ozocubu's Armour  |       |       |       |       |       |     1 |       |       |       ||     1
       Iron Shot         |       |       |       |       |       |       |     1 |       |       ||     1
       Silence           |       |       |       |       |       |       |     1 |       |       ||     1
  Use: Potion            |       |       |       |       |       |       |       |       |     1 ||     1
Dodge: Dodged            |       |       |       |       |       |       |       |     1 |     5 ||     6

Table legend: (Time is in decaauts)
 A = Elapsed time spent in this place.
 B = Non-inter-level travel time spent in this place.
 C = Inter-level travel time spent in this place.
 D = Time resting spent in this place.
 E = Time spent auto-exploring this place.
 F = Levels seen in this place.
 G = Mean time per level.
                   A        B        C        D        E       F      G
               +--------+--------+--------+--------+--------+-----+--------+
         Total |     71 |     71 |      0 |      0 |      0 |   1 |   71.0 |
       Dungeon |     71 |     71 |      0 |      0 |      0 |   1 |   71.0 |
               +--------+--------+--------+--------+--------+-----+--------+

Top non-repeatable levels by time:
       D: 71 daAuts
